 Dungeon Crawl Stone Soup version 0.7.0-a0-2590-gaf483e0 character file.

11254142 MonstrousScumming the Thanatomancer (level 27, 310/310 HPs)
             Began as a Demonspawn Ice Elementalist on June 22, 2010.
             Was the Champion of Kikubaaqudgha.
             Escaped with the Orb
             ... and 15 runes (of 15 types) on June 24, 2010!
             The game lasted 08:45:48 (142990 turns).

MonstrousScumming the Thanatomancer (DSIE)        Turns: 142990, Time: 08:45:49

HP 310/310       AC 28     Str 13 Exp: 27/2138786 (17143)
MP  39/45        EV 33     Int 26      God: Kikubaaqudgha [******]
Gold 18210       SH  0     Dex 16      Spells: 17 memorised,  0 levels left

Res.Fire  : + + .   See Invis. : .     - Unarmed
Res.Cold  : + . .   Warding    : .   s - -2 robe of the Lair of Beasts {rF+ rC+}
Life Prot.: . . .   Conserve   : +   (no shield)
Res.Poison: .       Res.Corr.  : +   j - +2 wizard hat
Res.Elec. : .       Clarity    : .   t - +2 cloak {rCorr, Cons} Spirit.Shd: . Stasis : .
                                     (gloves unavailable)
Sust.Abil.: . .     Rnd.Telep. : .   (boots unavailable)
Res.Mut.  : +       Ctrl.Telep.: .   g - amulet of resist mutation
Res.Rott. : .       Levitation : +   e - +4,+5 ring of slaying
Saprovore : . . .   Ctrl.Flight: +   l - ring "Nuriby" {Fire EV+6 Str+3}

@: icy armour, flying, very resistant to hostile enchantments, quite stealthy
A: claws 3, hooves 3, horns 3, cold resistance 1, conserve potions, +30% hp,
spiny 3, AC +13
a: Receive Corpses, Renounce Religion


You escaped.
You worshipped Kikubaaqudgha.
Kikubaaqudgha was exalted by your worship.
You were not hungry.

You visited 18 branches of the dungeon, and saw 115 of its levels.
You visited Pandemonium 1 time, and saw 52 of its levels.
You visited the Abyss 1 time.
You visited 2 Labyrinths.
You visited 3 portal chambers: bailey, trove, wizlab.

You collected 21548 gold pieces.
You spent 1193 gold pieces at shops.
You used 2165 gold pieces for miscellaneous purposes.

Inventory:

Hand weapons
 r - a +2,+3 knife of stabbing
   (You found it on level 2 of the Dungeon)
 L - a +0 blowgun
   (You took it off a kobold on level 3 of the Dungeon)
Missiles
 k - 9 curare-tipped +0 needles {!f}
 n - 8 curare-tipped +5 needles {!f}
Armour
 f - the +2 leather armour of Mnyjiy {+Blink rElec MR}
   (You found it on level 3 of the Lair of Beasts)

   It insulates you from electricity.
   It increases your resistance to enchantments.
   It lets you blink.
 j - a +2 wizard hat (worn)
   (You took it off Gastronok on level 5 of the Lair of Beasts)
 s - the -2 robe of the Lair of Beasts (worn) {rF+ rC+}
   (You found it on level 7 of the Iron City of Dis)

   It protects you from fire.
   It protects you from cold.
 t - a +2 cloak of preservation (worn)
   (You found it on level 7 of the Iron City of Dis)
Magical devices
 d - a wand of teleportation (4)
   (You found it on level 7 of the Lair of Beasts)
 o - a wand of disintegration (13)
   (You found it on level 17 of the Dungeon)
 y - a wand of digging (10)
   (You found it on level 2 of the Elven Halls)
 A - a wand of hasting (8)
   (You found it on level 6 of the Pits of Slime)
 E - a wand of invisibility (3)
   (You acquired it in Tukima's Studio)
 H - a wand of teleportation (9)
   (You found it on level 1 of the Realm of Zot)
Comestibles
 b - a royal jelly
 z - 8 honeycombs
 D - 3 bread rations
Scrolls
 m - 3 scrolls of teleportation
 G - a scroll of blinking
 Y - a scroll of fog
Jewellery
 c - a +6 ring of evasion
   (You found it on level 5 of the Dungeon)
 e - a +4,+5 ring of slaying (right hand)
   (You found it on level 4 of the Shoals)
 g - an amulet of resist mutation (around neck)
   (You found it on level 2 of the Lair of Beasts)
 h - an uncursed amulet of conservation
   (You found it on level 5 of the Crypt)
 l - the ring "Nuriby" (left hand) {Fire EV+6 Str+3}
   (You found it in a treasure trove)

   [ring of fire]

   It affects your evasion (+6).
   It affects your strength (+3).
 p - the amulet of the Gastropod {rCorr rElec rC++ EV+3}
   (You found it on level 6 of the Pits of Slime)

   [amulet of resist corrosion]

   It affects your evasion (+3).
   It greatly protects you from cold.
   It insulates you from electricity.
 v - the ring "Uluk" {+Blink rC+ rN+ Dam+1}
   (You found it on level 8 of the Vaults)

   [ring of life protection]

   It affects your damage-dealing abilities (+1).
   It protects you from cold.
   It lets you blink.
 B - the ring "Waetwetso" {rPois rN+}
   (You found it on level 7 of the Elven Halls)

   [ring of poison resistance]

   It protects you from negative energy.
 V - the cursed ring of Virtue {rElec rF+}
   (You found it on level 7 of the Elven Halls)

   [ring of protection from fire]

   It insulates you from electricity.
   It has a curse placed upon it.
Potions
 u - 6 potions of might
 w - 5 potions of speed
 x - 3 potions of heal wounds
 F - 3 potions of healing
 O - 4 potions of resistance
Magical staves
 a - a staff of energy
   (You found it on level 17 of the Dungeon)
 i - a +4 rod of discovery (11/11)
   (You found it on level 1 of the Tomb of the Ancients)
Orbs of Power
 C - the Orb of Zot
   (You found it on level 5 of the Realm of Zot)
Miscellaneous
 q - a silver rune of Zot
   (You found it on level 8 of the Vaults)
 I - an obsidian rune of Zot
   (You found it on level 7 of Gehenna)
 J - an abyssal rune of Zot
   (You found it in the Abyss)
 K - a barnacled rune of Zot
   (You found it on level 5 of the Shoals)
 M - a bone rune of Zot
   (You found it on level 7 of Tartarus)
 N - a dark rune of Zot
   (You found it in Pandemonium)
 P - a slimy rune of Zot
   (You found it on level 6 of the Pits of Slime)
 Q - a decaying rune of Zot
   (You found it on level 5 of the Swamp)
 R - a demonic rune of Zot
   (You found it in Pandemonium)
 S - a fiery rune of Zot
   (You found it in Pandemonium)
 T - a glowing rune of Zot
   (You found it in Pandemonium)
 U - a golden rune of Zot
   (You found it on level 3 of the Tomb of the Ancients)
 W - an icy rune of Zot
   (You found it on level 7 of Cocytus)
 X - an iron rune of Zot
   (You found it on level 7 of the Iron City of Dis)
 Z - a magical rune of Zot
   (You found it in Pandemonium)

   You had 17143 experience left.


   Skills:
 + Level 22 Fighting
 + Level 1 Throwing
 + Level 7 Armour
 + Level 20 Dodging
 - Level 6 Stealth
 - Level 3 Stabbing
 + Level 5 Traps & Doors
 - Level 21 Unarmed Combat
 + Level 18 Spellcasting
 - Level 9 Conjurations
 - Level 13 Enchantments
 + Level 9 Summonings
 - Level 22 Necromancy
 + Level 3 Translocations
 + Level 16 Ice Magic
 - Level 3 Air Magic
 - Level 1 Poison Magic
 + Level 4 Evocations


You couldn't memorise any spells.
You knew the following spells:

 Your Spells              Type           Power        Success   Level
a - Repel Missiles        Air/Ench       #######...   Excellent   2
b - Dispel Undead         Necr           ########.    Perfect     4
c - Throw Icicle          Ice/Conj       ######...    Excellent   4
d - Blink                 Tloc           N/A          Excellent   2
e - Flight                Air/Ench       #######...   Excellent   4
f - Ozocubu's Armour      Ice/Ench       ######....   Perfect     3
g - Regeneration          Ench/Necr      ########..   Perfect     3
h - Mephitic Cloud        Pois/Air/Conj  ######....   Excellent   3
i - Swiftness             Air/Ench       #######...   Excellent   2
j - Apportation           Tloc           ######....   Excellent   1
k - Silence               Air/Ench       #######...   Excellent   5
l - Haunt                 Summ/Necr      ########..   Excellent   7
m - Control Teleport      Ench/Tloc      #######...   Excellent   4
n - Haste                 Ench           #######..    Excellent   6
o - Abjuration            Summ           #######...   Excellent   3
Q - Selective Amnesia     Ench           N/A          Excellent   4
X - Borgnjor's Revivific  Necr           ########..   Perfect     5

Dungeon Overview and Level Annotations

Branches:
Dungeon (27/27)            Temple (1/1) D:5             Orc (4/4) D:11
    Elf (7/7) Orc:4          Lair (8/8) D:9           Swamp (5/5) Lair:2
 Shoals (5/5) Lair:4        Slime (6/6) Lair:6         Hive (2/2) D:16
  Vault (8/8) D:16          Blade (0/1) Vault:6       Crypt (5/5) Vault:4
   Tomb (3/3) Crypt:2         Dis (7/7) Hell            Geh (7/7) Hell
    Coc (7/7) Hell            Tar (7/7) Hell            Zot (5/5) D:27

Altars:
Elyvilon
Fedhas
Kikubaaqudgha
Makhleb
Nemelex Xobeh
Trog
Xom
Yredelemnul
Zin
Beogh
Jiyva

Shops:
D:7: ++ D:14: [!!%! D:16: * Shoals:1: % Shoals:3: ? Vault:2: % Vault:3: % Vault:4: / Vault:5: ( Vault:7: +

Portals:
Hell: D:21 D:22 D:23 D:24 D:25 D:26 D:27
Abyss: D:22 D:23 D:25 D:26
Pan: D:22 D:24

Annotations
D:2 1 exclusion
D:25 exclusion: 4 flame clouds
Lair:7 exclusion: oklob plant
Lair:8 worm vault
Vault:2 exclusion: Roxanne


Innate Abilities, Weirdness & Mutations

You have claws for hands.
You have hooves in place of feet.
You have a pair of large horns on your head.
You are completely covered in yellow scales (AC +3, rCorr).
Your flesh is cold resistant.
You are very good at protecting items from cold.
A meltable icy envelope protects you from harm (AC +10).
You are extremely robust (+30% HP).
You are completely covered in sharp spines.


Message History

Cast which spell? (? or * to list)
You feel a numb sensation. A film of ice covers your body!
Unknown command.
There is a stone staircase leading up here.
Are you sure you want to leave the Dungeon?
You have escaped!

##.##...%.##......#.#
#..#...#...#......#.#
##.##...#...##.....#.#
##..#...###...#.....#.#
...##...# #...#######.#
#..#...## ##...# #.#
#.##...#####...## #.#
#.#....[........# #.#
#.#<.....<.....@# #.#
#.############### #.#
#....################.###
........)...............#
##.#.##########.........#
#.#.# #.........# #.#.#
#...)%....# #.#.#
#.........# #.#.#
#.........#


There were no monsters in sight!

Vanquished Creatures
  Monster Symbol All ';'
  4 sharks
  15 giant goldfish
  2 lava fish (Geh:7)
  31 electric eels
  10 big fish
62 creatures vanquished. All '(' 9 dancing weapons (Port)
9 creatures vanquished. All ')' 8 mimics
8 creatures vanquished. All '@' A Killer Klown (Zot:5) Margery (D:22) Nikola (Vault:1) Kirke (D:18) Agnes (D:15) Duane (Vault:1) Frances (Vault:7) Louise (Vault:2) Maud (D:14) Wayne (Vault:1) Jozef (Orc:4) Erica (Orc:2) 24 vault guards (Vault:7) Josephine (D:12) Harold (Orc:3) 18 hell knights 8 wizards 6 necromancers Maurice (D:9) Psyche (D:12) Eustachio (D:10) 2 humans (shapeshifter)
75 creatures vanquished. All '*' An orb of fire (Zot:5) 10 ball lightnings (D:21) 2 giant spores
13 creatures vanquished. All '&' Asmodeus (Geh:7) Gloorx Vloq (Pan) Ereshkigal (Tar:7) Dispater (Dis:7) Mnoleg (Pan) Lom Lobon (Pan) 3 demon lords (Pan) Geryon (Hell)
10 creatures vanquished. All '%' 8 death cobs
8 creatures vanquished. All '1' 19 Fiends 15 Shadow Fiends 18 Ice Fiends 10 Balrugs 18 Executioners 2 Pit Fiends 4 Green Deaths 4 Blue Deaths (Pan) 8 Cacodemons
98 creatures vanquished. All '2' 24 soul eaters 6 sun demons 8 ice devils 20 hellions 28 reapers 2 beasts
88 creatures vanquished. All '3' 16 tormentors 35 orange demons 25 hellwings 36 iron devils 23 blue devils 13 ynoxinuls 27 shadow demons 31 neqoxecs
206 creatures vanquished. All '4' 24 smoke demons 3 sixfirhies (Pan) 29 red devils 2 hairy devils 14 rotting devils
72 creatures vanquished. All '5' A quasit (D:16) 39 imps 28 iron imps 48 lemures 19 midges 9 shadow imps 49 white imps 72 ufetubi
265 creatures vanquished. All '8' 2 electric golems 3 iron golems 4 ice statues 3 crystal golems 2 stone golems A clay golem (Vault:2) A wood golem (Pan)
16 creatures vanquished. All '9' 22 metal gargoyles 14 molten gargoyles
36 creatures vanquished. All 'a' 2 queen ants 23 soldier ants 68 giant ants
93 creatures vanquished. All 'b' 85 giant bats 3 butterflies (Shoals:5)
88 creatures vanquished. All 'B' A boring beetle (D:25) 6 boulder beetles 3 giant beetles
10 creatures vanquished. All 'c' 44 yaktaur captains Nessos (D:12) 14 centaur warriors 62 yaktaurs 25 centaurs
146 creatures vanquished. All 'C' A titan (Vault:8) 32 stone giants 4 frost giants 5 fire giants Polyphemus (Shoals:4) 9 hill giants 2 cyclopes (shapeshifter) 14 cyclopes An ettin (Orc:4)
69 creatures vanquished. All 'd' A draconian knight (Zot:1) A draconian monk (Zot:1) 2 draconian scorchers (Zot:3) 4 draconian annihilators 4 purple draconians 3 draconian shifters 2 draconian callers 2 red draconians 4 pale draconians A pale draconian (shapeshifter) (Vault:8) 4 mottled draconians A green draconian (Zot:1) 2 black draconians (Zot:4) 4 white draconians 3 yellow draconians 4 draconians (shapeshifter)
42 creatures vanquished. All 'D' A Serpent of Hell (Geh:7) the Lernaean hydra (Swamp:5) Xtahua (Elf:6) 5 golden dragons 10 shadow dragons 16 storm dragons 4 iron dragons (Dis:7) 9 bone dragons 7 dragons 12 ice dragons 22 hydras A swamp dragon (shapeshifter) (D:14) 10 swamp dragons 3 wyverns 4 mottled dragons A mottled dragon (shapeshifter) (Vault:2)
107 creatures vanquished. All 'e' 2 deep elf blademasters (Elf:7) 6 deep elf annihilators (Elf:7) 2 deep elf master archers (Elf:7) 3 deep elf sorcerers (Elf:7) A deep elf death mage (Vault:8) 7 deep elf demonologists 4 deep elf high priests 32 deep elf knights 7 elves (shapeshifter) 28 deep elf conjurers 25 deep elf summoners 39 deep elf fighters 18 deep elf priests Duvessa (D:9) 25 deep elf magi Dowan (D:9) 62 deep elf soldiers
263 creatures vanquished. All 'E' 10 air elementals (D:21) 21 water elementals An earth elemental (Abyss)
32 creatures vanquished. All 'f' 5 ballistomycetes 7 fungi 68 toadstools
80 creatures vanquished. All 'F' 10 spiny frogs Prince Ribbit (D:9) 31 giant toads 12 blink frogs 25 giant frogs
79 creatures vanquished. All 'g' Grum (Swamp:1) 9 boggarts 4 gnolls (D:3) 32 goblins 17 hobgoblins
63 creatures vanquished. All 'G' 6 great orbs of eyes 5 giant orange brains A giant orange brain (shapeshifter) (D:17) 2 shining eyes (shapeshifter) (Vault:8) 4 shining eyes 3 eyes of devastation 9 golden eyes 7 eyes of draining 7 giant eyeballs
44 creatures vanquished. All 'h' 4 hell hogs A hog (D:18) 14 war dogs 43 hell hounds A wolf (Lair:1) 9 wargs 21 hounds 41 jackals
134 creatures vanquished. All 'H' 8 sphinxes 2 minotaurs (Lab) 7 griffons 16 harpies 17 manticores 21 hippogriffs
71 creatures vanquished. All 'I' 8 ice beasts
8 creatures vanquished. All 'j' Gastronok (Lair:5) 2 elephant slugs 14 giant slugs 5 giant snails
22 creatures vanquished. All 'J' the royal jelly (Slime:6) 20 acid blobs 11 azure jellies An azure jelly (shapeshifter) (Vault:8) 20 death oozes 13 giant amoebae 99 slime creatures A brown ooze (shapeshifter) (D:17) 23 brown oozes 10 jellyfish A pulsating lump (Slime:4) 26 jellies 29 oozes
255 creatures vanquished. All 'k' 3 queen bees 6 giant fireflies (Lair:8) A giant firefly (shapeshifter) (D:21) 3 bumblebees (Hell) 122 killer bees 48 killer bee larvae
183 creatures vanquished. All 'K' Sonja (D:10) 3 big kobolds A big kobold (shapeshifter) (Vault:5) 35 kobolds
40 creatures vanquished. All 'l' A death drake (shapeshifter) (Vault:8) A lindwurm (Lair:8) A lindwurm (shapeshifter) (Vault:8) 5 komodo dragons A fire drake (Lair:7) 18 swamp drakes 6 gila monsters 4 iguanas 6 giant geckos 12 giant newts
55 creatures vanquished. All 'L' 3 ancient liches Boris (D:24) 7 liches
11 creatures vanquished. All 'm' Ilsuiw (Shoals:4) 2 sirens 4 merfolk aquamancers (Shoals:5) 4 merfolk javelineers (Shoals:5) 8 merfolk impalers 11 mermaids 2 mermaids (shapeshifter) 53 merfolk 2 merfolk (shapeshifter)
87 creatures vanquished. All 'M' 29 greater mummies 21 mummy priests 114 guardian mummies Menkaure (D:7) 40 mummies
205 creatures vanquished. All 'n' 5 ghouls 33 necrophages
38 creatures vanquished. All 'N' A guardian serpent (shapeshifter) (D:20) A naga mage (Vault:4) 4 nagas (Vault:4)
6 creatures vanquished. All 'o' Saint Roka (Vault:6) Nergalle (Vault:2) An orc high priest (Vault:4) 25 orc knights Urug (D:10) 6 orc sorcerers 50 orc warriors 28 orc priests 28 orc wizards 221 orcs An orc (shapeshifter) (Elf:3)
363 creatures vanquished. All 'O' 5 ogre magi 14 two-headed ogres 39 ogres
58 creatures vanquished. All 'p' 21 flayed ghosts 7 hungry ghosts 7 phantoms 32 shadows
67 creatures vanquished. All 'P' An oklob plant (Shoals:4) 18 plants
19 creatures vanquished. All 'r' 19 orange rats 42 green rats 72 grey rats 4 quokkas 45 rats
182 creatures vanquished. All 'R' 5 rakshasas An efreet (Pan) 29 illusory rakshasas
35 creatures vanquished. All 's' 2 trapdoor spiders (Vault:1) A trapdoor spider (shapeshifter) (Vault:8) 2 wolf spiders A wolf spider (shapeshifter) (D:23) 4 redbacks 6 demonic crawlers 5 scorpions 4 giant centipedes 11 giant cockroaches
36 creatures vanquished. All 'S' 7 sea snakes 2 black mambas 14 water moccasins 4 lava snakes 32 snakes 2 small snakes
61 creatures vanquished. All 't' 10 alligators 16 snapping turtles 5 baby alligators 15 crocodiles
46 creatures vanquished. All 'T' Snorg (Elf:2) 20 deep trolls An iron troll (Hell) 6 rock trolls 15 trolls A troll (shapeshifter) (Elf:4)
44 creatures vanquished. All 'u' 7 very ugly things 106 ugly things
113 creatures vanquished. All 'U' 2 grizzly bears A bear (D:16)
3 creatures vanquished. All 'v' 11 vapours (D:21) 32 insubstantial wisps
43 creatures vanquished. All 'V' A vampire mage (Crypt:3) 18 vampires
19 creatures vanquished. All 'w' 9 spiny worms 2 rock worms 38 swamp worms 2 brain worms (Lair:8) A lava worm (Geh:7) 6 giant leeches 19 worms 4 tentacles
81 creatures vanquished. All 'W' 13 shadow wraiths 22 spectral warriors 38 wraiths 37 freezing wraiths 35 wights
145 creatures vanquished. All 'x' 6 unseen horrors 21 small abominations
27 creatures vanquished. All 'X' 7 Orb Guardians (Zot:5) A kraken (Shoals:3) 17 tentacled monstrosities 12 large large abominations
37 creatures vanquished. All 'y' 6 red wasps 22 moths of wrath 15 giant blowflies 14 yellow wasps 25 giant mosquitos
82 creatures vanquished. All 'Y' A dire elephant (shapeshifter) (Vault:8) 4 death yaks (Shoals:4) 46 yaks 18 sheep
69 creatures vanquished. All 'z' 2 curse skulls 140 skeletal warriors A green draconian zombie (Crypt:3) 2 red draconian zombies 2 yellow draconian zombies A red draconian skeleton (Abyss) 2 mottled draconian zombies (Crypt:3) 2 white draconian zombies 2 white draconian skeletons 2 yellow draconian skeletons 2 black draconian skeletons A green draconian skeleton (Crypt:5) 2 pale draconian skeletons A siren zombie (Coc:2) A sea snake skeleton (Pan) 4 flaming corpses 2 red wasp zombies An elf skeleton (Crypt:3) A black mamba skeleton (Crypt:1) A spriggan skeleton (Tomb:2) 3 giant firefly zombies 3 redback zombies A baby alligator skeleton (Crypt:2) A merfolk zombie (Tar:1) A blink frog zombie (Crypt:3) A hog zombie (Crypt:3) A blink frog skeleton (D:20) 2 merfolk skeletons 2 giant blowfly zombies 2 viper skeletons 4 hog skeletons A mermaid skeleton (Geh:5) A bumblebee zombie (Hell) 4 giant goldfish zombies A queen bee zombie (Geh:7) 2 draconian zombies (Crypt:3) A human skeleton (Crypt:4) A giant goldfish skeleton (Coc:7) 4 war dog zombies A wolf zombie (Crypt:3) 3 yellow wasp zombies A war dog skeleton (Crypt:5) 3 water moccasin zombies 8 soldier ant zombies 2 black bear zombies A black bear skeleton (Tar:4) A water moccasin skeleton (Coc:4) A giant goldfish simulacrum (Coc:6) A human zombie (Tar:7) 3 killer bee zombies 2 gila monster zombies (Crypt:3) 2 big kobold zombies 2 brain worm zombies 2 gila monster skeletons 3 big kobold skeletons A hound skeleton (D:23) 8 giant ant zombies 2 orange rat zombies A big fish skeleton (Coc:7) 3 big fish zombies (Coc:7) 3 worm zombies 97 flying skulls A giant beetle zombie (D:14) An orange rat simulacrum (Crypt:4) A sheep zombie (Crypt:1) A sheep skeleton (Geh:7) 3 giant centipede zombies An iguana zombie (Crypt:3) A scorpion zombie (Geh:6) 12 elf zombies A snake zombie (D:9) 2 iguana skeletons A giant bat zombie (Crypt:1) A giant mite zombie (Dis:5) A gnoll zombie (Dis:1) 2 green rat skeletons An ant larva zombie (Crypt:3) 3 giant gecko skeletons A giant gecko zombie (Crypt:3) 2 giant mosquito zombies A giant newt zombie (Crypt:2) A goblin zombie (Tar:3) 2 hobgoblin skeletons 3 hobgoblin zombies 2 jackal skeletons 2 killer bee larva zombies A kobold zombie (Crypt:3) An orc skeleton (D:6) 5 orc zombies 2 quokka skeletons A quokka zombie (Crypt:3) A rat zombie (Coc:4) A small snake skeleton (Crypt:2)
418 creatures vanquished. All 'Z' 3 kraken zombies (Coc:3) A sphinx zombie (Crypt:2) A sphinx skeleton (D:17) A titan skeleton (Crypt:4) 6 storm dragon skeletons 9 shadow dragon zombies 3 anaconda skeletons A golden dragon skeleton (Crypt:3) A fire giant zombie (D:26) 2 iron dragon zombies 2 stone giant zombies 12 shadow dragon skeletons A frost giant zombie (D:21) 2 iron dragon skeletons 5 stone giant skeletons A dire elephant zombie (Tomb:2) 2 fire giant skeletons 3 frost giant skeletons An elephant slug zombie (Crypt:5) A death yak zombie (Geh:4) 2 death yak skeletons A harpy zombie (Vault:5) 2 minotaur zombies 6 death drake zombies An iron troll skeleton (Vault:4) A minotaur skeleton (Crypt:4) A harpy skeleton (Tomb:1) A wolf spider zombie (D:12) A death drake skeleton (Crypt:1) 13 ice dragon zombies 3 giant toad zombies (D:12) A spiny worm zombie (Crypt:3) 2 dragon skeletons (D:20) 7 ice dragon skeletons 2 hill giant skeletons (Vault:4) 2 deep troll zombies 4 rock troll zombies 4 deep troll skeletons 2 snapping turtle zombies 4 rock troll skeletons A spiny frog skeleton (Crypt:3) A lindwurm zombie (Crypt:3) A spiny worm simulacrum (Crypt:4) A snapping turtle skeleton (Crypt:3) A hill giant simulacrum (Abyss) 2 komodo dragon zombies A yaktaur zombie (D:26) A cyclops zombie (Crypt:1) A manticore zombie (Crypt:5) A komodo dragon skeleton (Geh:7) 3 yaktaur skeletons A wyvern zombie (Crypt:5) A polar bear zombie (Crypt:2) A grizzly bear zombie (Crypt:5) A bear zombie (Crypt:5) 5 cyclops skeletons 4 troll zombies 3 rock worm zombies A yak zombie (Crypt:5) An ettin zombie (Geh:6) A hippogriff skeleton (Crypt:5) 2 grizzly bear skeletons (Crypt:4) An ettin skeleton (Tomb:2) 2 centaur zombies 2 boulder beetle zombies A giant frog zombie (Crypt:4) A giant frog skeleton (Geh:6) A warg skeleton (Crypt:3) A two-headed ogre skeleton (Crypt:3) An ogre zombie (Crypt:1) 2 mottled dragon skeletons An ogre skeleton (Crypt:3) A boulder beetle simulacrum (D:21) A crocodile skeleton (Crypt:3) A naga zombie (Tomb:3) A naga skeleton (Crypt:2) 2 steam dragon skeletons 2 steam dragon zombies
174 creatures vanquished.
5319 creatures vanquished. Monster Nature Uniques Asmodeus (Geh:7) Gloorx Vloq (Pan) the royal jelly (Slime:6) Ereshkigal (Tar:7) Dispater (Dis:7) Mnoleg (Pan) Lom Lobon (Pan) Saint Roka (Vault:6) Boris (D:24) the Lernaean hydra (Swamp:5) Margery (D:22) Geryon (Hell) Xtahua (Elf:6) Nikola (Vault:1) Kirke (D:18) Agnes (D:15) Duane (Vault:1) Frances (Vault:7) Ilsuiw (Shoals:4) Louise (Vault:2) Maud (D:14) Gastronok (Lair:5) Wayne (Vault:1) Jozef (Orc:4) Snorg (Elf:2) Erica (Orc:2) Josephine (D:12) Harold (Orc:3) Polyphemus (Shoals:4) Nessos (D:12) Nergalle (Vault:2) Urug (D:10) Maurice (D:9) Psyche (D:12) Sonja (D:10) Prince Ribbit (D:9) Eustachio (D:10) Grum (Swamp:1) Menkaure (D:7) Duvessa (D:9) Dowan (D:9)
41 creatures vanquished. Natural Monsters A Killer Klown (Zot:5) 5 golden dragons 20 acid blobs A titan (Vault:8) 7 Orb Guardians (Zot:5) 2 deep elf blademasters (Elf:7) 10 shadow dragons 16 storm dragons 8 sphinxes A kraken (Shoals:3) A draconian knight (Zot:1) A draconian monk (Zot:1) 11 azure jellies 4 iron dragons (Dis:7) 2 draconian scorchers (Zot:3) 32 stone giants 4 frost giants An azure jelly (shapeshifter) (Vault:8) 4 draconian annihilators 4 purple draconians 5 fire giants 3 draconian shifters 2 draconian callers 2 red draconians 4 pale draconians 6 deep elf annihilators (Elf:7) A pale draconian (shapeshifter) (Vault:8) 4 mottled draconians A green draconian (Zot:1) 2 black draconians (Zot:4) 2 deep elf master archers (Elf:7) 3 deep elf sorcerers (Elf:7) 4 white draconians 3 yellow draconians A dire elephant (shapeshifter) (Vault:8) A deep elf death mage (Vault:8) 7 dragons 6 great orbs of eyes 2 minotaurs (Lab) 44 yaktaur captains 2 sirens 4 merfolk aquamancers (Shoals:5) 24 vault guards (Vault:7) 4 merfolk javelineers (Shoals:5) 12 ice dragons 22 hydras 7 deep elf demonologists 8 merfolk impalers 10 alligators 5 ogre magi 4 death yaks (Shoals:4) 20 deep trolls An orc high priest (Vault:4) 4 deep elf high priests 14 centaur warriors 7 very ugly things 7 griffons A death drake (shapeshifter) (Vault:8) 18 hell knights 32 deep elf knights 6 unseen horrors 5 giant orange brains An iron troll (Hell) 8 wizards 7 sea snakes 13 giant amoebae A giant orange brain (shapeshifter) (D:17) A lindwurm (Lair:8) 9 hill giants A swamp dragon (shapeshifter) (D:14) 25 orc knights 10 swamp dragons 2 shining eyes (shapeshifter) (Vault:8) A guardian serpent (shapeshifter) (D:20) 16 harpies A lindwurm (shapeshifter) (Vault:8) 6 orc sorcerers 9 spiny worms 6 red wasps 6 necromancers 4 shining eyes 22 moths of wrath 2 trapdoor spiders (Vault:1) A trapdoor spider (shapeshifter) (Vault:8) 2 cyclopes (shapeshifter) 2 black mambas 2 elephant slugs 2 wolf spiders 99 slime creatures 14 cyclopes 2 queen ants 3 eyes of devastation 62 yaktaurs 10 spiny frogs A wolf spider (shapeshifter) (D:23) 6 rock trolls 11 mermaids A naga mage (Vault:4) 106 ugly things 2 mermaids (shapeshifter) 3 queen bees 15 trolls 4 redbacks 5 komodo dragons 16 snapping turtles 14 two-headed ogres 5 baby alligators 7 elves (shapeshifter) A troll (shapeshifter) (Elf:4) A brown ooze (shapeshifter) (D:17) An ettin (Orc:4) 4 draconians (shapeshifter) 6 giant fireflies (Lair:8) 2 grizzly bears 31 giant toads 12 blink frogs 23 brown oozes 3 wyverns 4 sharks A giant firefly (shapeshifter) (D:21) A bear (D:16) 3 bumblebees (Hell) A hog (D:18) 28 deep elf conjurers 46 yaks 14 war dogs 4 mottled dragons 25 deep elf summoners 53 merfolk 17 manticores 9 golden eyes 2 merfolk (shapeshifter) 2 rock worms 39 deep elf fighters 21 hippogriffs A fire drake (Lair:7) 23 soldier ants A mottled dragon (shapeshifter) (Vault:2) 15 giant blowflies 18 deep elf priests 8 ice beasts 38 swamp worms 50 orc warriors 14 yellow wasps 39 ogres 18 swamp drakes 4 nagas (Vault:4) 15 giant goldfish A boring beetle (D:25) 6 gila monsters A wolf (Lair:1) 25 centaurs 15 crocodiles 2 brain worms (Lair:8) 25 giant frogs 9 wargs A lava worm (Geh:7) 14 giant slugs 2 humans (shapeshifter) 3 big kobolds 25 deep elf magi A big kobold (shapeshifter) (Vault:5) 5 giant snails 14 water moccasins 6 giant leeches 7 eyes of draining 10 jellyfish 6 boulder beetles 2 lava fish (Geh:7) 122 killer bees 31 electric eels A pulsating lump (Slime:4) 21 hounds 3 giant beetles 28 orc priests 10 big fish 4 lava snakes 4 iguanas 5 scorpions 28 orc wizards 62 deep elf soldiers 68 giant ants 19 orange rats 18 sheep 26 jellies 9 boggarts 42 green rats 4 giant centipedes 4 gnolls (D:3) 32 snakes 19 worms 25 giant mosquitos 72 grey rats 7 giant eyeballs 6 giant geckos 29 oozes 85 giant bats 11 giant cockroaches 32 goblins 17 hobgoblins 41 jackals 221 orcs An orc (shapeshifter) (Elf:3) 4 quokkas 2 small snakes 12 giant newts 48 killer bee larvae 35 kobolds 45 rats 3 butterflies (Shoals:5) 4 tentacles
3039 creatures vanquished. Non-Living Monsters An orb of fire (Zot:5) 2 electric golems 9 dancing weapons (Port) 10 ball lightnings (D:21) 3 iron golems 11 vapours (D:21) 4 ice statues 3 crystal golems 2 stone golems 8 mimics 10 air elementals (D:21) 22 metal gargoyles A clay golem (Vault:2) A wood golem (Pan) 14 molten gargoyles 21 water elementals 32 insubstantial wisps An earth elemental (Abyss)
155 creatures vanquished. Undead Monsters 3 ancient liches 29 greater mummies 2 curse skulls 7 liches 3 kraken zombies (Coc:3) 9 bone dragons A sphinx zombie (Crypt:2) A sphinx skeleton (D:17) A titan skeleton (Crypt:4) 8 death cobs 21 mummy priests 20 death oozes 6 storm dragon skeletons 9 shadow dragon zombies 3 anaconda skeletons A golden dragon skeleton (Crypt:3) A fire giant zombie (D:26) 2 iron dragon zombies 2 stone giant zombies 12 shadow dragon skeletons A frost giant zombie (D:21) 2 iron dragon skeletons 5 stone giant skeletons A dire elephant zombie (Tomb:2) 2 fire giant skeletons 13 shadow wraiths 3 frost giant skeletons 140 skeletal warriors An elephant slug zombie (Crypt:5) A green draconian zombie (Crypt:3) 21 flayed ghosts 2 red draconian zombies A death yak zombie (Geh:4) 2 yellow draconian zombies A red draconian skeleton (Abyss) 2 mottled draconian zombies (Crypt:3) 2 white draconian zombies 2 white draconian skeletons 2 yellow draconian skeletons A vampire mage (Crypt:3) 2 black draconian skeletons A green draconian skeleton (Crypt:5) 2 death yak skeletons 2 pale draconian skeletons A harpy zombie (Vault:5) A siren zombie (Coc:2) A sea snake skeleton (Pan) 2 minotaur zombies 4 flaming corpses 6 death drake zombies An iron troll skeleton (Vault:4) 22 spectral warriors A minotaur skeleton (Crypt:4) A harpy skeleton (Tomb:1) A wolf spider zombie (D:12) A death drake skeleton (Crypt:1) 13 ice dragon zombies 2 red wasp zombies 3 giant toad zombies (D:12) A spiny worm zombie (Crypt:3) 2 dragon skeletons (D:20) An elf skeleton (Crypt:3) 7 ice dragon skeletons A black mamba skeleton (Crypt:1) 114 guardian mummies A spriggan skeleton (Tomb:2) 3 giant firefly zombies 2 hill giant skeletons (Vault:4) 2 deep troll zombies 4 rock troll zombies 4 deep troll skeletons 2 snapping turtle zombies 4 rock troll skeletons A spiny frog skeleton (Crypt:3) 3 redback zombies A baby alligator skeleton (Crypt:2) A merfolk zombie (Tar:1) 18 vampires A lindwurm zombie (Crypt:3) A spiny worm simulacrum (Crypt:4) A snapping turtle skeleton (Crypt:3) 38 wraiths A blink frog zombie (Crypt:3) A hog zombie (Crypt:3) A blink frog skeleton (D:20) 2 merfolk skeletons A hill giant simulacrum (Abyss) 2 giant blowfly zombies 2 viper skeletons 2 komodo dragon zombies A yaktaur zombie (D:26) 7 hungry ghosts 4 hog skeletons A cyclops zombie (Crypt:1) A manticore zombie (Crypt:5) 5 ghouls A komodo dragon skeleton (Geh:7) 3 yaktaur skeletons A mermaid skeleton (Geh:5) A wyvern zombie (Crypt:5) 37 freezing wraiths A polar bear zombie (Crypt:2) 33 necrophages A grizzly bear zombie (Crypt:5) A bear zombie (Crypt:5) A bumblebee zombie (Hell) 5 cyclops skeletons 7 phantoms 4 giant goldfish zombies A queen bee zombie (Geh:7) 4 troll zombies 2 draconian zombies (Crypt:3) 3 rock worm zombies A yak zombie (Crypt:5) An ettin zombie (Geh:6) A human skeleton (Crypt:4) A hippogriff skeleton (Crypt:5) 2 grizzly bear skeletons (Crypt:4) An ettin skeleton (Tomb:2) A giant goldfish skeleton (Coc:7) 4 war dog zombies A wolf zombie (Crypt:3) 3 yellow wasp zombies 2 centaur zombies 2 boulder beetle zombies A war dog skeleton (Crypt:5) 3 water moccasin zombies 8 soldier ant zombies A giant frog zombie (Crypt:4) A giant frog skeleton (Geh:6) 2 black bear zombies A black bear skeleton (Tar:4) A warg skeleton (Crypt:3) A two-headed ogre skeleton (Crypt:3) A water moccasin skeleton (Coc:4) A giant goldfish simulacrum (Coc:6) A human zombie (Tar:7) 35 wights 3 killer bee zombies 2 gila monster zombies (Crypt:3) 32 shadows 2 big kobold zombies An ogre zombie (Crypt:1) 2 brain worm zombies 2 gila monster skeletons 2 mottled dragon skeletons An ogre skeleton (Crypt:3) A boulder beetle simulacrum (D:21) 3 big kobold skeletons A crocodile skeleton (Crypt:3) A naga zombie (Tomb:3) A naga skeleton (Crypt:2) A hound skeleton (D:23) 8 giant ant zombies 2 orange rat zombies A big fish skeleton (Coc:7) 3 big fish zombies (Coc:7) 2 steam dragon skeletons 3 worm zombies 2 steam dragon zombies 40 mummies 97 flying skulls A giant beetle zombie (D:14) An orange rat simulacrum (Crypt:4) A sheep zombie (Crypt:1) A sheep skeleton (Geh:7) 3 giant centipede zombies An iguana zombie (Crypt:3) A scorpion zombie (Geh:6) 12 elf zombies A snake zombie (D:9) 2 iguana skeletons A giant bat zombie (Crypt:1) A giant mite zombie (Dis:5) A gnoll zombie (Dis:1) 2 green rat skeletons An ant larva zombie (Crypt:3) 3 giant gecko skeletons A giant gecko zombie (Crypt:3) 2 giant mosquito zombies A giant newt zombie (Crypt:2) A goblin zombie (Tar:3) 2 hobgoblin skeletons 3 hobgoblin zombies 2 jackal skeletons 2 killer bee larva zombies A kobold zombie (Crypt:3) An orc skeleton (D:6) 5 orc zombies 2 quokka skeletons A quokka zombie (Crypt:3) A rat zombie (Coc:4) A small snake skeleton (Crypt:2)
1112 creatures vanquished. Demonic Monsters A Serpent of Hell (Geh:7) 3 demon lords (Pan) 19 Fiends 15 Shadow Fiends 18 Ice Fiends 10 Balrugs 18 Executioners 17 tentacled monstrosities 2 Pit Fiends 4 Green Deaths 4 Blue Deaths (Pan) 8 Cacodemons 5 rakshasas 24 soul eaters 6 sun demons 4 hell hogs 8 ice devils 20 hellions 16 tormentors 28 reapers 35 orange demons 25 hellwings 24 smoke demons An efreet (Pan) 12 large large abominations 36 iron devils 23 blue devils 3 sixfirhies (Pan) 6 demonic crawlers 13 ynoxinuls 2 beasts 27 shadow demons 31 neqoxecs 29 red devils 43 hell hounds 2 hairy devils 14 rotting devils 21 small abominations A quasit (D:16) 39 imps 28 iron imps 48 lemures 19 midges 9 shadow imps 49 white imps 72 ufetubi 29 illusory rakshasas
871 creatures vanquished. Plants An oklob plant (Shoals:4) 2 giant spores 5 ballistomycetes 7 fungi 18 plants 68 toadstools
101 creatures vanquished.
5319 creatures vanquished. Ascending Order Asmodeus (Geh:7) Gloorx Vloq (Pan) the royal jelly (Slime:6) Ereshkigal (Tar:7) Dispater (Dis:7) Mnoleg (Pan) An orb of fire (Zot:5) Lom Lobon (Pan) A Serpent of Hell (Geh:7) Saint Roka (Vault:6) Boris (D:24) the Lernaean hydra (Swamp:5) A Killer Klown (Zot:5) Margery (D:22) Geryon (Hell) Xtahua (Elf:6) A titan (Vault:8) Nikola (Vault:1) Kirke (D:18) A kraken (Shoals:3) Agnes (D:15) Duane (Vault:1) Frances (Vault:7) A draconian knight (Zot:1) A draconian monk (Zot:1) Ilsuiw (Shoals:4) Louise (Vault:2) Maud (D:14) Gastronok (Lair:5) An azure jelly (shapeshifter) (Vault:8) A sphinx zombie (Crypt:2) A sphinx skeleton (D:17) Wayne (Vault:1) Jozef (Orc:4) A pale draconian (shapeshifter) (Vault:8) A green draconian (Zot:1) A dire elephant (shapeshifter) (Vault:8) A deep elf death mage (Vault:8) Snorg (Elf:2) A titan skeleton (Crypt:4) Erica (Orc:2) Josephine (D:12) Harold (Orc:3) Polyphemus (Shoals:4) A golden dragon skeleton (Crypt:3) Nessos (D:12) Nergalle (Vault:2) A fire giant zombie (D:26) A frost giant zombie (D:21) An orc high priest (Vault:4) A dire elephant zombie (Tomb:2) A death drake (shapeshifter) (Vault:8) An elephant slug zombie (Crypt:5) A green draconian zombie (Crypt:3) An iron troll (Hell) A death yak zombie (Geh:4) A red draconian skeleton (Abyss) A giant orange brain (shapeshifter) (D:17) A lindwurm (Lair:8) A vampire mage (Crypt:3) A swamp dragon (shapeshifter) (D:14) A green draconian skeleton (Crypt:5) A harpy zombie (Vault:5) A siren zombie (Coc:2) A guardian serpent (shapeshifter) (D:20) Urug (D:10) A sea snake skeleton (Pan) A lindwurm (shapeshifter) (Vault:8) An iron troll skeleton (Vault:4) An oklob plant (Shoals:4) A minotaur skeleton (Crypt:4) A harpy skeleton (Tomb:1) A wolf spider zombie (D:12) A death drake skeleton (Crypt:1) A trapdoor spider (shapeshifter) (Vault:8) Maurice (D:9) A spiny worm zombie (Crypt:3) An elf skeleton (Crypt:3) A wolf spider (shapeshifter) (D:23) A black mamba skeleton (Crypt:1) A spriggan skeleton (Tomb:2) Psyche (D:12) A naga mage (Vault:4) An efreet (Pan) Sonja (D:10) Prince Ribbit (D:9) A troll (shapeshifter) (Elf:4) A brown ooze (shapeshifter) (D:17) An ettin (Orc:4) A spiny frog skeleton (Crypt:3) A baby alligator skeleton (Crypt:2) A merfolk zombie (Tar:1) A lindwurm zombie (Crypt:3) A spiny worm simulacrum (Crypt:4) A snapping turtle skeleton (Crypt:3) A giant firefly (shapeshifter) (D:21) A bear (D:16) A hog (D:18) A blink frog zombie (Crypt:3) A hog zombie (Crypt:3) Eustachio (D:10) A blink frog skeleton (D:20) A hill giant simulacrum (Abyss) A clay golem (Vault:2) Grum (Swamp:1) A wood golem (Pan) A yaktaur zombie (D:26) A fire drake (Lair:7) A cyclops zombie (Crypt:1) A manticore zombie (Crypt:5) A mottled dragon (shapeshifter) (Vault:2) A komodo dragon skeleton (Geh:7) A wyvern zombie (Crypt:5) A mermaid skeleton (Geh:5) A polar bear zombie (Crypt:2) A grizzly bear zombie (Crypt:5) A bear zombie (Crypt:5) A bumblebee zombie (Hell) A queen bee zombie (Geh:7) Menkaure (D:7) A yak zombie (Crypt:5) A human skeleton (Crypt:4) An ettin zombie (Geh:6) A boring beetle (D:25) A wolf (Lair:1) A hippogriff skeleton (Crypt:5) A giant goldfish skeleton (Coc:7) An ettin skeleton (Tomb:2) Duvessa (D:9) A wolf zombie (Crypt:3) A lava worm (Geh:7) A war dog skeleton (Crypt:5) A big kobold (shapeshifter) (Vault:5) An earth elemental (Abyss) A giant frog zombie (Crypt:4) A giant frog skeleton (Geh:6) A black bear skeleton (Tar:4) A warg skeleton (Crypt:3) A two-headed ogre skeleton (Crypt:3) A water moccasin skeleton (Coc:4) A giant goldfish simulacrum (Coc:6) A human zombie (Tar:7) A pulsating lump (Slime:4) A quasit (D:16) An ogre zombie (Crypt:1) Dowan (D:9) An ogre skeleton (Crypt:3) A boulder beetle simulacrum (D:21) A crocodile skeleton (Crypt:3) A naga zombie (Tomb:3) A naga skeleton (Crypt:2) A hound skeleton (D:23) A big fish skeleton (Coc:7) A giant beetle zombie (D:14) An orange rat simulacrum (Crypt:4) A sheep zombie (Crypt:1) A sheep skeleton (Geh:7) A scorpion zombie (Geh:6) An iguana zombie (Crypt:3) A snake zombie (D:9) A giant bat zombie (Crypt:1) A giant mite zombie (Dis:5) A gnoll zombie (Dis:1) An orc (shapeshifter) (Elf:3) An orc skeleton (D:6) A kobold zombie (Crypt:3) A goblin zombie (Tar:3) An ant larva zombie (Crypt:3) A giant gecko zombie (Crypt:3) A giant newt zombie (Crypt:2) A rat zombie (Coc:4) A small snake skeleton (Crypt:2) A quokka zombie (Crypt:3) 2 electric golems 2 curse skulls 2 deep elf blademasters (Elf:7) 2 draconian scorchers (Zot:3) 2 Pit Fiends 2 draconian callers 2 red draconians 2 black draconians (Zot:4) 2 deep elf master archers (Elf:7) 2 minotaurs (Lab) 2 sirens 2 iron dragon zombies 2 stone giant zombies 2 iron dragon skeletons 2 fire giant skeletons 2 red draconian zombies 2 yellow draconian zombies 2 mottled draconian zombies (Crypt:3) 2 white draconian zombies 2 white draconian skeletons 2 yellow draconian skeletons 2 black draconian skeletons 2 death yak skeletons 2 pale draconian skeletons 2 shining eyes (shapeshifter) (Vault:8) 2 minotaur zombies 2 trapdoor spiders (Vault:1) 2 stone golems 2 cyclopes (shapeshifter) 2 black mambas 2 red wasp zombies 2 elephant slugs 2 wolf spiders 2 queen ants 2 dragon skeletons (D:20) 2 mermaids (shapeshifter) 2 hill giant skeletons (Vault:4) 2 deep troll zombies 2 snapping turtle zombies 2 grizzly bears 2 beasts 2 merfolk skeletons 2 giant blowfly zombies 2 viper skeletons 2 komodo dragon zombies 2 merfolk (shapeshifter) 2 rock worms 2 hairy devils 2 draconian zombies (Crypt:3) 2 grizzly bear skeletons (Crypt:4) 2 brain worms (Lair:8) 2 centaur zombies 2 humans (shapeshifter) 2 boulder beetle zombies 2 black bear zombies 2 lava fish (Geh:7) 2 gila monster zombies (Crypt:3) 2 big kobold zombies 2 brain worm zombies 2 gila monster skeletons 2 mottled dragon skeletons 2 orange rat zombies 2 steam dragon skeletons 2 steam dragon zombies 2 iguana skeletons 2 green rat skeletons 2 small snakes 2 killer bee larva zombies 2 quokka skeletons 2 jackal skeletons 2 giant spores 2 giant mosquito zombies 2 hobgoblin skeletons 3 ancient liches 3 demon lords (Pan) 3 kraken zombies (Coc:3) 3 draconian shifters 3 deep elf sorcerers (Elf:7) 3 yellow draconians 3 anaconda skeletons 3 iron golems 3 frost giant skeletons 3 crystal golems 3 giant toad zombies (D:12) 3 eyes of devastation 3 giant firefly zombies 3 queen bees 3 redback zombies 3 sixfirhies (Pan) 3 wyverns 3 bumblebees (Hell) 3 yaktaur skeletons 3 rock worm zombies 3 yellow wasp zombies 3 big kobolds 3 water moccasin zombies 3 killer bee zombies 3 giant beetles 3 big kobold skeletons 3 big fish zombies (Coc:7) 3 worm zombies 3 giant centipede zombies 3 hobgoblin zombies 3 giant gecko skeletons 3 butterflies (Shoals:5) 4 iron dragons (Dis:7) 4 frost giants 4 draconian annihilators 4 purple draconians 4 Green Deaths 4 Blue Deaths (Pan) 4 pale draconians 4 mottled draconians 4 white draconians 4 merfolk aquamancers (Shoals:5) 4 merfolk javelineers (Shoals:5) 4 death yaks (Shoals:4) 4 deep elf high priests 4 hell hogs 4 ice statues 4 flaming corpses 4 shining eyes 4 redbacks 4 rock troll zombies 4 deep troll skeletons 4 rock troll skeletons 4 draconians (shapeshifter) 4 sharks 4 mottled dragons 4 hog skeletons 4 troll zombies 4 giant goldfish zombies 4 nagas (Vault:4) 4 war dog zombies 4 lava snakes 4 iguanas 4 gnolls (D:3) 4 giant centipedes 4 quokkas 4 tentacles 5 golden dragons 5 fire giants 5 ogre magi 5 rakshasas 5 stone giant skeletons 5 giant orange brains 5 komodo dragons 5 baby alligators 5 ghouls 5 cyclops skeletons 5 giant snails 5 scorpions 5 orc zombies 5 ballistomycetes 6 deep elf annihilators (Elf:7) 6 great orbs of eyes 6 storm dragon skeletons 6 sun demons 6 unseen horrors 6 orc sorcerers 6 death drake zombies 6 red wasps 6 necromancers 6 rock trolls 6 giant fireflies (Lair:8) 6 demonic crawlers 6 gila monsters 6 giant leeches 6 boulder beetles 6 giant geckos 7 Orb Guardians (Zot:5) 7 liches 7 dragons 7 deep elf demonologists 7 very ugly things 7 griffons 7 sea snakes 7 ice dragon skeletons 7 elves (shapeshifter) 7 hungry ghosts 7 phantoms 7 eyes of draining 7 giant eyeballs 7 fungi 8 sphinxes 8 Cacodemons 8 death cobs 8 merfolk impalers 8 wizards 8 ice devils 8 mimics 8 ice beasts 8 soldier ant zombies 8 giant ant zombies 9 bone dragons 9 dancing weapons (Port) 9 shadow dragon zombies 9 hill giants 9 spiny worms 9 golden eyes 9 wargs 9 boggarts 9 shadow imps 10 shadow dragons 10 Balrugs 10 alligators 10 ball lightnings (D:21) 10 swamp dragons 10 spiny frogs 10 air elementals (D:21) 10 jellyfish 10 big fish 11 azure jellies 11 vapours (D:21) 11 mermaids 11 giant cockroaches 12 ice dragons 12 shadow dragon skeletons 12 large large abominations 12 blink frogs 12 elf zombies 12 giant newts 13 shadow wraiths 13 giant amoebae 13 ice dragon zombies 13 ynoxinuls 14 centaur warriors 14 cyclopes 14 two-headed ogres 14 war dogs 14 molten gargoyles 14 yellow wasps 14 rotting devils 14 giant slugs 14 water moccasins 15 Shadow Fiends 15 trolls 15 giant blowflies 15 giant goldfish 15 crocodiles 16 storm dragons 16 harpies 16 tormentors 16 snapping turtles 17 tentacled monstrosities 17 manticores 17 hobgoblins 18 Ice Fiends 18 Executioners 18 hell knights 18 vampires 18 deep elf priests 18 swamp drakes 18 sheep 18 plants 19 Fiends 19 orange rats 19 midges 19 worms 20 acid blobs 20 death oozes 20 deep trolls 20 hellions 21 mummy priests 21 flayed ghosts 21 hippogriffs 21 water elementals 21 small abominations 21 hounds 22 hydras 22 spectral warriors 22 moths of wrath 22 metal gargoyles 23 blue devils 23 brown oozes 23 soldier ants 24 vault guards (Vault:7) 24 soul eaters 24 smoke demons 25 orc knights 25 hellwings 25 deep elf summoners 25 centaurs 25 giant frogs 25 deep elf magi 25 giant mosquitos 26 jellies 27 shadow demons 28 reapers 28 deep elf conjurers 28 orc priests 28 orc wizards 28 iron imps 29 greater mummies 29 red devils 29 oozes 29 illusory rakshasas 31 giant toads 31 neqoxecs 31 electric eels 32 stone giants 32 deep elf knights 32 insubstantial wisps 32 shadows 32 snakes 32 goblins 33 necrophages 35 orange demons 35 wights 35 kobolds 36 iron devils 37 freezing wraiths 38 wraiths 38 swamp worms 39 deep elf fighters 39 ogres 39 imps 40 mummies 41 jackals 42 green rats 43 hell hounds 44 yaktaur captains 45 rats 46 yaks 48 lemures 48 killer bee larvae 49 white imps 50 orc warriors 53 merfolk 62 yaktaurs 62 deep elf soldiers 68 giant ants 68 toadstools 72 ufetubi 72 grey rats 85 giant bats 97 flying skulls 99 slime creatures 106 ugly things 114 guardian mummies 122 killer bees 140 skeletal warriors 221 orcs
5319 creatures vanquished. The 3-digit Club 106 ugly things 114 guardian mummies 122 killer bees 140 skeletal warriors 221 orcs
703 creatures vanquished. ----------------------------------------

Vanquished Creatures (collateral kills)
  Monster Symbol All '5'
  A white imp (Elf:7)
  An ufetubus (Elf:7)
2 creatures vanquished. All 'a' A giant ant (D:7)
1 creature vanquished. All 'c' A centaur warrior (Vault:5) 4 centaurs
5 creatures vanquished. All 'I' An ice beast (D:15)
1 creature vanquished. All 'J' 4 acid blobs (Slime:6)
4 creatures vanquished. All 'm' A merfolk (Shoals:5)
1 creature vanquished. All 'O' 2 ogres
2 creatures vanquished. All 's' A giant cockroach (D:7)
1 creature vanquished. All 'y' 2 yellow wasps (D:24)
2 creatures vanquished.
19 creatures vanquished. Monster Nature Natural Monsters 4 acid blobs (Slime:6) A centaur warrior (Vault:5) A merfolk (Shoals:5) 2 yellow wasps (D:24) An ice beast (D:15) 4 centaurs 2 ogres A giant ant (D:7) A giant cockroach (D:7)
17 creatures vanquished. Demonic Monsters A white imp (Elf:7) An ufetubus (Elf:7)
2 creatures vanquished.
19 creatures vanquished. Ascending Order A centaur warrior (Vault:5) A merfolk (Shoals:5) An ice beast (D:15) A giant ant (D:7) A white imp (Elf:7) An ufetubus (Elf:7) A giant cockroach (D:7) 2 yellow wasps (D:24) 2 ogres 4 acid blobs (Slime:6) 4 centaurs
19 creatures vanquished. ----------------------------------------

Vanquished Creatures (others)
  Monster Symbol All '@'
  4 humans (D:18)
4 creatures vanquished. All '*' 6 ball lightnings (D:21) A giant spore (D:13)
7 creatures vanquished. All '5' 2 iron imps (Pan) A lemure (Elf:7) A white imp (Pan) 2 ufetubi
6 creatures vanquished. All 'b' A giant bat (Geh:7)
1 creature vanquished. All 'c' A centaur (D:23)
1 creature vanquished. All 'D' A wyvern (Vault:1)
1 creature vanquished. All 'e' A deep elf summoner (Elf:7) A deep elf fighter (Elf:2) A deep elf soldier (Elf:1)
3 creatures vanquished. All 'f' 493 toadstools
493 creatures vanquished. All 'g' A goblin (D:8)
1 creature vanquished. All 'J' 21 slime creatures An ooze (Elf:6)
22 creatures vanquished. All 'k' 2 killer bee larvae (Hive:2)
2 creatures vanquished. All 'M' 8 mummies
8 creatures vanquished. All 'n' A necrophage (Tomb:1)
1 creature vanquished. All 'o' 2 orcs
2 creatures vanquished. All 'p' 3 flayed ghosts (Slime:6) A hungry ghost (Slime:6)
4 creatures vanquished. All 'r' 2 orange rats (Geh:7) A green rat (Geh:7) 6 grey rats 2 rats
11 creatures vanquished. All 'R' 3 illusory rakshasas (Pan)
3 creatures vanquished. All 'v' An insubstantial wisp (D:21)
1 creature vanquished. All 'w' A spiny worm (D:18) 24 tentacles
25 creatures vanquished. All 'W' 7 wraiths 3 freezing wraiths (Slime:6)
10 creatures vanquished. All 'x' A small abomination (Swamp:2)
1 creature vanquished. All 'y' 3 yellow wasps (D:24) A giant mosquito (Swamp:2)
4 creatures vanquished. All 'Y' A yak (Vault:1)
1 creature vanquished. All 'z' A redback zombie (Crypt:5) A mermaid skeleton (Geh:7) A flying skull (Geh:6) A goblin skeleton (Crypt:4) A quokka skeleton (Tomb:3)
5 creatures vanquished. All 'Z' A guardian serpent zombie (Crypt:5) A giant toad skeleton (Crypt:5) A rock troll simulacrum (Tomb:3)
3 creatures vanquished.
620 creatures vanquished. Monster Nature Natural Monsters A spiny worm (D:18) 21 slime creatures A wyvern (Vault:1) A yak (Vault:1) A deep elf summoner (Elf:7) A deep elf fighter (Elf:2) 3 yellow wasps (D:24) A centaur (D:23) 4 humans (D:18) A deep elf soldier (Elf:1) 2 orange rats (Geh:7) A green rat (Geh:7) A giant mosquito (Swamp:2) 6 grey rats An ooze (Elf:6) A giant bat (Geh:7) A goblin (D:8) 2 orcs 2 killer bee larvae (Hive:2) 2 rats 24 tentacles
78 creatures vanquished. Non-Living Monsters 6 ball lightnings (D:21) An insubstantial wisp (D:21)
7 creatures vanquished. Undead Monsters 3 flayed ghosts (Slime:6) A guardian serpent zombie (Crypt:5) A giant toad skeleton (Crypt:5) A redback zombie (Crypt:5) 7 wraiths A hungry ghost (Slime:6) A necrophage (Tomb:1) A rock troll simulacrum (Tomb:3) A mermaid skeleton (Geh:7) 3 freezing wraiths (Slime:6) 8 mummies A flying skull (Geh:6) A goblin skeleton (Crypt:4) A quokka skeleton (Tomb:3)
31 creatures vanquished. Demonic Monsters A small abomination (Swamp:2) 2 iron imps (Pan) A lemure (Elf:7) A white imp (Pan) 2 ufetubi 3 illusory rakshasas (Pan)
10 creatures vanquished. Plants A giant spore (D:13) 493 toadstools
494 creatures vanquished.
620 creatures vanquished. Ascending Order A spiny worm (D:18) A guardian serpent zombie (Crypt:5) A giant toad skeleton (Crypt:5) A redback zombie (Crypt:5) A wyvern (Vault:1) A yak (Vault:1) A deep elf summoner (Elf:7) A hungry ghost (Slime:6) A deep elf fighter (Elf:2) A necrophage (Tomb:1) A rock troll simulacrum (Tomb:3) A mermaid skeleton (Geh:7) An insubstantial wisp (D:21) A small abomination (Swamp:2) A centaur (D:23) A deep elf soldier (Elf:1) A green rat (Geh:7) A lemure (Elf:7) A flying skull (Geh:6) A white imp (Pan) A giant mosquito (Swamp:2) An ooze (Elf:6) A giant bat (Geh:7) A goblin (D:8) A goblin skeleton (Crypt:4) A quokka skeleton (Tomb:3) A giant spore (D:13) 2 iron imps (Pan) 2 orange rats (Geh:7) 2 ufetubi 2 orcs 2 killer bee larvae (Hive:2) 2 rats 3 flayed ghosts (Slime:6) 3 freezing wraiths (Slime:6) 3 yellow wasps (D:24) 3 illusory rakshasas (Pan) 4 humans (D:18) 6 ball lightnings (D:21) 6 grey rats 7 wraiths 8 mummies 21 slime creatures 24 tentacles 493 toadstools
620 creatures vanquished. The 3-digit Club 493 toadstools
493 creatures vanquished. ----------------------------------------

Grand Total: 5958 creatures vanquished

Notes
Turn   | Place    | Note
--------------------------------------------------------------
     0 | D:1      | MonstrousScumming, the Demonspawn Ice Elementalist, began the quest for the Orb.
     0 | D:1      | Reached XP level 1. HP: 10/10 MP: 3/3
   372 | D:1      | Reached skill 3 in Ice Magic
   503 | D:1      | Reached XP level 2. HP: 12/15 MP: 1/4
  1455 | D:2      | Reached skill 4 in Ice Magic
  1746 | D:2      | Gained mutation: You have sharp fingernails.
  1746 | D:2      | Gained mutation: You have a pair of small horns on your head.
  1746 | D:2      | Reached XP level 3. HP: 12/21 MP: 1/5
  2213 | D:2      | Learned a level 2 spell: Throw Frost
  2901 | D:3      | Gained mutation: Your flesh is cold resistant.
  2901 | D:3      | Reached XP level 4. HP: 21/26 MP: 6/7
  3045 | D:5      | Entered Level 5 of the Dungeon
  3896 | D:4      | Reached skill 5 in Ice Magic
  4055 | D:4      | Gained mutation: You are partially covered in colorless scales (AC +1).
  4055 | D:4      | Reached XP level 5. HP: 14/32 MP: 7/9
  5126 | D:4      | Reached XP level 6. HP: 37/37 MP: 10/11
  5282 | D:3      | Reached skill 6 in Ice Magic
  5713 | D:3      | Learned a level 3 spell: Ozocubu's Armour
  6086 | D:5      | Found a staircase to the Ecumenical Temple.
  6147 | Temple   | Entered the Ecumenical Temple
  6222 | Temple   | Became a worshipper of Kikubaaqudgha
  6679 | D:5      | Reached skill 7 in Ice Magic
  6689 | D:5      | Learned a level 4 spell: Throw Icicle
  7011 | D:5      | Gained mutation: You are very good at protecting items from cold.
  7011 | D:5      | Reached XP level 7. HP: 37/43 MP: 5/14
  7384 | D:6      | Found a basalt altar of Yredelemnul.
  7504 | D:6      | Acquired Kikubaaqudgha's first power
  7504 | D:6      | Received a gift from Kikubaaqudgha
  7514 | D:6      | Learned a level 1 spell: Animate Skeleton
  7771 | D:6      | Reached skill 8 in Ice Magic
  7917 | D:6      | Found a glowing silver altar of Zin.
  8129 | D:7      | Noticed Menkaure
  8299 | D:5      | Gained mutation: You have a pair of horns on your head.
  8299 | D:5      | Gained mutation: You have very sharp fingernails.
  8299 | D:5      | Reached XP level 8. HP: 12/49 MP: 7/16
  8635 | D:7      | Defeated Menkaure
  9039 | D:7      | Found Blor's Book Shop.
  9243 | D:7      | Found Witiem's Book Shoppe.
  9245 | D:7      | Acquired Kikubaaqudgha's second power
  9585 | D:8      | Learned a level 3 spell: Regeneration
 10383 | D:9      | Noticed Prince Ribbit
 10412 | D:9      | Defeated Prince Ribbit
 10600 | D:9      | Gained mutation: You have large cloven feet.
 10600 | D:9      | Reached XP level 9. HP: 49/55 MP: 13/19
 10673 | D:9      | Found a blossoming altar of Fedhas.
 10681 | D:9      | Noticed Duvessa
 10720 | D:9      | Defeated Duvessa
 10773 | D:9      | Noticed Dowan
 10780 | D:9      | Defeated Dowan
 10840 | D:9      | Noticed Maurice
 10863 | D:9      | Defeated Maurice
 11276 | D:8      | Learned a level 4 spell: Dispel Undead
 12128 | D:9      | Found a staircase to the Lair.
 12137 | Lair:1   | Entered Level 1 of the Lair of Beasts
 12146 | D:9      | Received a gift from Kikubaaqudgha
 12231 | D:9      | Gained mutation: You are partially covered in sharp spines.
 12231 | D:9      | Reached XP level 10. HP: 56/63 MP: 2/22
 12358 | Lair:2   | well that works I guess
 12394 | Lair:2   | Reached skill 9 in Ice Magic
 12720 | Lair:2   | Found a staircase to the Swamp.
 12912 | Lair:2   | Acquired Kikubaaqudgha's third power
 12912 | Lair:2   | Received a gift from Kikubaaqudgha
 13333 | Lair:1   | Reached skill 10 in Ice Magic
 13380 | Lair:1   | Acquired Kikubaaqudgha's fourth power
 14147 | Lair:3   | Got a transparent leather armour
 14261 | Lair:3   | Gained mutation: You have hoof-like feet.
 14261 | Lair:3   | Reached XP level 11. HP: 60/71 MP: 21/23
 15532 | Lair:4   | Reached skill 11 in Ice Magic
 16008 | Lair:4   | Found a staircase to the Shoals.
 16290 | Lair:5   | Noticed Gastronok
 16685 | Lair:5   | Defeated Gastronok
 16983 | Lair:6   | Found a staircase to the Slime Pits.
 17248 | Lair:8   | Entered Level 8 of the Lair of Beasts
 17550 | Lair:8   | Gained mutation: You are mostly covered in sharp spines.
 17550 | Lair:8   | Reached XP level 12. HP: 55/79 MP: 4/26
 17568 | Lair:8   | Reached skill 12 in Ice Magic
 19697 | Lair:1   | Identified the +2 leather armour of Mnyjiy (You found it on level 3 of the Lair of Beasts)
 20283 | D:10     | Entered Level 10 of the Dungeon
 20284 | D:10     | Noticed Sonja
 20285 | D:10     | Defeated Sonja
 20495 | D:10     | Noticed Urug
 20509 | D:10     | Defeated Urug
 20722 | D:10     | Noticed Eustachio
 20731 | D:10     | Defeated Eustachio
 21315 | D:11     | Found a staircase to the Orcish Mines.
 21726 | Orc:1    | Entered Level 1 of the Orcish Mines
 21789 | Orc:1    | Found a roughly hewn altar of Beogh.
 22025 | Orc:4    | Entered Level 4 of the Orcish Mines
 22064 | Orc:4    | Reached XP level 13. HP: 87/87 MP: 28/28
 22184 | Orc:4    | Found a staircase to the Elven Halls.
 22492 | Orc:3    | Noticed Jozef
 22493 | Orc:3    | Noticed Harold
 22498 | Orc:4    | Defeated Jozef
 22855 | Orc:3    | Defeated Harold
 23127 | Orc:2    | Noticed Erica
 23132 | Orc:2    | Defeated Erica
 23319 | Orc:3    | Found a flagged portal. 23349
                  | bailey
                  | Entered the bailey 23519
                  | bailey
                  | Gained mutation: Your muscles are strong (Str +1). 23936
                  | bailey
                  | Reached skill 13 in Ice Magic
 25135 | D:12     | Noticed Josephine
 25246 | D:12     | Defeated Josephine
 26087 | D:12     | Noticed Nessos
 26151 | D:12     | Defeated Nessos
 26567 | D:12     | Noticed Psyche
 26571 | D:12     | Defeated Psyche
 27246 | D:13     | Learned a level 2 spell: Repel Missiles
 27249 | D:13     | Learned a level 2 spell: Blink
 27828 | D:14     | Found Utaquiw's Armour Shoppe.
 27854 | D:14     | Found Utituub's Distillery.
 27876 | D:14     | Bought a potion of speed for 37 gold pieces
 28367 | D:14     | Found Qewod's Food Shop.
 28457 | D:14     | Found Ongeshru's Distillery.
 28542 | D:14     | Gained mutation: You have claws for hands.
 28542 | D:14     | Reached XP level 14. HP: 94/94 MP: 17/29
 28549 | D:14     | Noticed Maud
 28973 | Lair:1   | Learned a level 3 spell: Mephitic Cloud
 29347 | D:14     | Defeated Maud
 29469 | D:14     | Found Kiur's Distillery.
 29474 | D:14     | Bought a potion of heal wounds for 45 gold pieces
 29716 | D:15     | Entered Level 15 of the Dungeon
 29932 | D:15     | Noticed Agnes
 29959 | D:15     | Defeated Agnes
 30517 | D:16     | Found a staircase to the Vaults.
 30775 | D:16     | Found a staircase to the Hive.
 30843 | D:16     | Found Ufoovov's Assorted Antiques.
 30883 | D:16     | Found a portal to a secret trove of treasure.
 30893 | D:16     | You paid a toll of 2165gp to enter a treasure trove. 30894
                  | trove
                  | Entered a treasure trove 30909
                  | trove
                  | Got a pitted marble ring 30933
                  | trove
                  | Identified the ring "Nuriby" (You found it in a treasure trove)
 31613 | Vault:1  | Entered Level 1 of the Vaults
 31931 | Vault:1  | Noticed Nikola
 31953 | Vault:1  | Defeated Nikola
 31969 | Vault:1  | Noticed Wayne
 32124 | Vault:1  | Defeated Wayne
 32261 | Vault:1  | Noticed Duane
 32286 | Vault:1  | Defeated Duane
 32686 | Vault:2  | Gained mutation: You are mostly covered in yellow scales (AC +2).
 32686 | Vault:2  | Reached XP level 15. HP: 104/106 MP: 31/31
 32751 | Vault:2  | Found Skaggiob's Food Emporium.
 32765 | Vault:2  | Noticed Roxanne
 33092 | Vault:2  | Noticed Nergalle
 33209 | Vault:2  | Noticed Louise
 33230 | Vault:2  | Defeated Louise
 33277 | Vault:2  | Defeated Nergalle
 33999 | Vault:3  | Found Stauqayvun's Food Shoppe.
 34458 | Vault:3  | Noticed Aizul
 35366 | Vault:4  | Found a staircase to the Crypt.
 35815 | Vault:4  | Found Kluipt's Magical Wand Shop.
 36143 | Vault:4  | Gained mutation: A meltable icy envelope protects you from harm (AC +10).
 36143 | Vault:4  | Gained mutation: You are completely covered in yellow scales (AC +3, rCorr).
 36143 | Vault:4  | Reached XP level 16. HP: 114/114 MP: 31/33
 37003 | Crypt:1  | Entered Level 1 of the Crypt
 40169 | Crypt:2  | Reached skill 14 in Necromancy
 41659 | Crypt:2  | Found a staircase to the Tomb.
 42136 | Crypt:3  | Found a magical portal.
 42193 | WizLab   | Entered Tukima's Studio
 42552 | WizLab   | HP: 4/118 [great mace of holy wrath (14)]
 43549 | WizLab   | Gained mutation: You have a pair of large horns on your head.
 43549 | WizLab   | Reached XP level 17. HP: 124/124 MP: 35/35
 47809 | Crypt:5  | Entered Level 5 of the Crypt
 48476 | Crypt:5  | Got a pair of smoking boots
 48483 | Crypt:5  | Identified the +3 pair of boots of the Armadillo (You found it on level 5 of the Crypt)
 49357 | Crypt:5  | Reached skill 15 in Necromancy
 49944 | Crypt:5  | Found an ancient bone altar of Kikubaaqudgha.
 50736 | Crypt:5  | Reached XP level 18. HP: 130/130 MP: 9/36
 51773 | Crypt:5  | Got a conspicuous book
 51783 | Crypt:5  | Identified Titoume's Catalogue of the Entourage and Lightness (You found it on level 5 of the Crypt)
 53347 | D:16     | Bought a scroll of identify for 60 gold pieces
 54366 | D:17     | Noticed a stone giant
 54394 | D:17     | Defeated a stone giant
 54695 | D:17     | Found a blossoming altar of Fedhas.
 55332 | D:18     | Noticed Kirke
 55358 | D:18     | Defeated Kirke
 55887 | D:17     | Noticed a deep elf high priest
 56064 | D:17     | Defeated a deep elf high priest
 56068 | D:17     | Noticed a stone giant
 56088 | D:17     | Defeated a stone giant
 58453 | D:19     | Reached XP level 19. HP: 119/136 MP: 33/37
 58876 | D:20     | Entered Level 20 of the Dungeon
 59940 | D:21     | Found a gateway to Hell.
 60149 | D:21     | Learned a level 6 spell: Haste
 60379 | D:21     | Learned a level 2 spell: Swiftness
 60381 | D:21     | Learned a level 1 spell: Apportation
 61067 | Lair:1   | Learned a level 4 spell: Flight
 61073 | Lair:1   | Learned a level 4 spell: Selective Amnesia
 61082 | Lair:1   | Learned a level 5 spell: Silence
 61848 | D:21     | Got a bloodstained lajatang
 62043 | D:22     | Noticed Margery
 62171 | D:22     | Found a one-way gate leading to the halls of Pandemonium.
 62171 | D:22     | Found a one-way gate to the infinite horrors of the Abyss.
 62386 | D:22     | Defeated Margery
 63049 | D:23     | Identified the lajatang "Chikogh" {freeze, MR} (You found it on level 21 of the Dungeon)
 63392 | D:23     | Reached XP level 20. HP: 146/150 MP: 31/38
 64551 | D:24     | Noticed Boris
 64560 | D:24     | Defeated Boris
 66593 | Vault:5  | Found Burynkau's Weapon Shop.
 66848 | Vault:6  | Noticed Saint Roka
 67134 | Vault:6  | Found a staircase to the Hall of Blades.
 67598 | Vault:6  | Defeated Saint Roka
 68035 | Vault:7  | Found Siuvit's Book Shoppe.
 68080 | Vault:7  | Noticed Frances
 68205 | Vault:7  | Got a smoking leather armour
 68516 | Vault:7  | Defeated Frances
 69300 | Lair:1   | Identified the +2 leather armour "Xetwam" (You found it on level 7 of the Vaults)
 69431 | Elf:1    | Entered Level 1 of the Elven Halls
 70289 | Elf:2    | Found a labyrinth entrance.
 70300 | Lab      | Entered a Labyrinth
 70578 | Elf:2    | Noticed Snorg
 70587 | Elf:2    | Defeated Snorg
 71172 | Elf:2    | Gained mutation: You are completely covered in sharp spines.
 71172 | Elf:2    | Reached XP level 21. HP: 154/156 MP: 26/39
 73618 | Elf:5    | Found a burning altar of Makhleb.
 74151 | Elf:6    | Noticed Xtahua
 74192 | Elf:6    | Defeated Xtahua
 74944 | Elf:6    | Found a viscous altar of Jiyva.
 75274 | Elf:6    | Reached skill 16 in Necromancy
 76893 | D:25     | Entered Level 25 of the Dungeon
 78040 | D:26     | Gained mutation: You have hooves in place of feet.
 78040 | D:26     | Reached XP level 22. HP: 125/165 MP: 39/39
 78224 | D:26     | Got a heavily runed robe
 78984 | D:26     | Reached XP level 21. HP: 155/162 MP: 14/39
 78987 | D:26     | Reached XP level 22. HP: 140/169 MP: 15/40
 79730 | D:27     | Entered Level 27 of the Dungeon
 80638 | D:27     | Identified the cursed -5 robe "Vexihuf" (You found it on level 26 of the Dungeon)
 81465 | Elf:7    | Entered Level 7 of the Elven Halls
 82853 | Elf:7    | Noticed a deep elf blademaster
 82934 | Elf:7    | Noticed a deep elf blademaster
 82966 | Elf:7    | Defeated a deep elf blademaster
 83095 | Elf:7    | Defeated a deep elf blademaster
 83253 | Elf:7    | Noticed a deep elf master archer
 83261 | Elf:7    | Defeated a deep elf master archer
 83330 | Elf:7    | Got a flickering marble ring
 83349 | Elf:7    | Got a brightly glowing bone amulet
 83581 | Elf:7    | Noticed a deep elf master archer
 83706 | Elf:7    | Defeated a deep elf master archer
 83711 | Elf:7    | Got a steaming ivory ring
 83714 | Elf:7    | Identified the ring "Waetwetso" (You found it on level 7 of the Elven Halls)
 83715 | Elf:7    | Identified the ring of Virtue (You found it on level 7 of the Elven Halls)
 83716 | Elf:7    | Identified the amulet of Xom's Favour (You found it on level 7 of the Elven Halls)
 83797 | Elf:7    | Got a conspicuous book
 83798 | Elf:7    | Identified the Book of Confrontation and Flames (You found it on level 7 of the Elven Halls)
 84231 | Swamp:1  | Entered Level 1 of the Swamp
 84408 | Swamp:1  | Noticed Grum
 84420 | Swamp:1  | Defeated Grum
 84439 | Swamp:1  | Found a shimmering altar of Xom.
 87263 | Swamp:4  | Reached XP level 23. HP: 148/175 MP: 30/40
 88061 | Swamp:5  | Entered Level 5 of the Swamp
 89071 | Swamp:5  | Noticed the 27-headed Lernaean hydra
 89335 | Swamp:5  | Got a decaying rune of Zot
 89466 | Swamp:5  | Defeated the 27-headed Lernaean hydra
 90185 | Shoals:1 | Entered Level 1 of the Shoals
 90271 | Shoals:1 | Found Trou's Food Emporium.
 91550 | Shoals:3 | Found Phaugau's Magic Scroll Emporium.
 91561 | Shoals:3 | Bought a scroll of magic mapping for 52 gold pieces
 92247 | Shoals:4 | Noticed Polyphemus
 92284 | Shoals:4 | Defeated Polyphemus
 92732 | Shoals:5 | Entered Level 5 of the Shoals
 92733 | Shoals:5 | Noticed Ilsuiw
 93194 | Shoals:4 | Defeated Ilsuiw
 93489 | Shoals:5 | Got a barnacled rune of Zot
 93747 | Shoals:5 | Got a steaming golden amulet
 94234 | Lair:1   | Identified the amulet of Cuocir (You found it on level 5 of the Shoals)
 94334 | D:7      | Bought the Disquisition on the Arsonist and Calling for 999 gold pieces
 94339 | D:7      | Learned a level 3 spell: Abjuration
 95551 | Tomb:1   | Entered Level 1 of the Tomb of the Ancients
 99076 | Tomb:2   | Gained mutation: You are robust (+10% HP).
 99076 | Tomb:2   | Reached XP level 24. HP: 203/203 MP: 41/41
 99450 | Tomb:2   | Got a graven book
 99451 | Tomb:2   | Identified Mumumedo's Collected Works on Unholy Bewitchment (You found it on level 2 of the Tomb of the Ancients)
 99682 | Tomb:2   | Reached skill 17 in Necromancy
101269 | Tomb:1   | Reached skill 18 in Necromancy
102105 | Tomb:2   | Gained mutation: You are very robust (+20% HP).
102105 | Tomb:2   | Reached XP level 25. HP: 229/229 MP: 35/42
102413 | Tomb:3   | Entered Level 3 of the Tomb of the Ancients
102508 | Tomb:3   | Reached skill 19 in Necromancy
105258 | Tomb:3   | Reached skill 20 in Necromancy
105524 | Tomb:3   | Got a golden rune of Zot
105781 | Tomb:3   | Got a glistering book
105786 | Tomb:3   | Identified the Tome of Attacks (You found it on level 3 of the Tomb of the Ancients)
105978 | Tomb:3   | Got a conspicuous book
106044 | Tomb:3   | Identified the Disquisition on Confrontation and Darkness (You found it on level 3 of the Tomb of the Ancients)
107425 | Vault:8  | Entered Level 8 of the Vaults
107565 | Vault:7  | Gained mutation: You are extremely robust (+30% HP).
107565 | Vault:7  | Reached XP level 26. HP: 249/254 MP: 43/43
108411 | Vault:8  | A sea snake shaped shifter changed into a shining eye
108414 | Vault:8  | A shining eye shaped shifter changed into a lindwurm
108515 | Vault:8  | Got a crude pewter ring
108930 | Vault:8  | Got a glittering brass ring
108949 | Vault:8  | Got a night blue bow
108950 | Vault:8  | Identified the storm bow {elec} (You found it on level 8 of the Vaults)
108987 | Vault:8  | Got a brightly glowing zirconium amulet
109008 | Vault:8  | Got a silver rune of Zot
109056 | Vault:8  | Identified the ring "Olaader" (You found it on level 8 of the Vaults)
109058 | Vault:8  | Identified the ring "Uluk" (You found it on level 8 of the Vaults)
109058 | Vault:8  | Identified the amulet "Klethrod" (You found it on level 8 of the Vaults)
109155 | Vault:8  | Noticed a shining eye
109158 | Vault:8  | Defeated a shining eye
109211 | Vault:8  | A cyclops shaped shifter changed into a shining eye
109212 | Vault:8  | Defeated a shining eye shaped shifter
109264 | Vault:8  | Got a fine shield
109315 | Vault:8  | Identified the cursed +0 shield of the Old World (You found it on level 8 of the Vaults)
109450 | Vault:8  | Got a faintly glowing bone ring
109645 | Vault:8  | Identified the ring of Zewadas (You found it on level 8 of the Vaults)
110564 | Lair:1   | Learned a level 5 spell: Borgnjor's Revivification
110817 | Hive:1   | Entered Level 1 of the Hive
110876 | Hive:2   | Entered Level 2 of the Hive
112890 | Slime:1  | Entered Level 1 of the Pits of Slime
113027 | Slime:2  | Reached XP level 27. HP: 165/269 MP: 38/44
113765 | Slime:3  | Found a labyrinth entrance.
113782 | Lab      | Entered a Labyrinth
113940 | Lab      | Got a distressingly furry cloak
113951 | Lab      | Learned a level 7 spell: Haunt
114410 | Slime:6  | Entered Level 6 of the Pits of Slime
115068 | Slime:6  | Found a viscous altar of Jiyva.
115142 | Slime:6  | Noticed the royal jelly
115161 | Slime:6  | Reached skill 21 in Necromancy
115647 | Slime:6  | Defeated the royal jelly
115833 | Slime:6  | Got a transparent steel amulet
115896 | Slime:6  | Identified the amulet of the Gastropod (You found it on level 6 of the Pits of Slime)
115993 | Slime:6  | Got a transparent bone ring
115997 | Slime:6  | Got a slimy rune of Zot
116007 | Slime:6  | Got a torn book
116010 | Slime:6  | Identified the Grimoire of Mutagenic Feathers (You found it on level 6 of the Pits of Slime)
116016 | Slime:6  | Identified the ring of Fony (You found it on level 6 of the Pits of Slime)
116048 | Slime:6  | Identified the cursed +0 cloak "Berirep" (You found it in a Labyrinth)
117151 | Zot:1    | Entered Level 1 of the Realm of Zot
122840 | Hell     | Entered the Vestibule of Hell
122840 | Hell     | Noticed Geryon
122864 | Hell     | Defeated Geryon
123197 | Hell     | Found a gateway to the freezing wastes of Cocytus.
123317 | Hell     | Found a gateway to the Iron City of Dis.
123454 | Hell     | Found a gateway to the decaying netherworld of Tartarus.
123764 | Dis:1    | Entered Level 1 of the Iron City of Dis
124731 | Dis:7    | Entered Level 7 of the Iron City of Dis
125046 | Dis:7    | Got a dazzling robe
125450 | Dis:7    | Noticed Dispater
125573 | Dis:7    | Got a faintly glowing bronze ring
125627 | Dis:7    | Got a graven book
125628 | Dis:7    | Identified Sif Muna's Collected Works on Dusty Transformation (You found it on level 7 of the Iron City of Dis)
125849 | Dis:7    | Got an iron rune of Zot
126078 | Dis:7    | Defeated Dispater
126081 | Dis:7    | Got a golden staff
126507 | Lair:1   | Identified the cursed -2 robe of the Lair of Beasts (You found it on level 7 of the Iron City of Dis)
126893 | Coc:1    | Entered Level 1 of Cocytus
127660 | Coc:7    | Entered Level 7 of Cocytus
128116 | Coc:7    | Noticed Antaeus
128119 | Coc:7    | Got an icy rune of Zot
128294 | Geh:1    | Entered Level 1 of Gehenna
128677 | Geh:7    | Entered Level 7 of Gehenna
129364 | Geh:7    | Noticed Asmodeus
129653 | Geh:7    | Defeated Asmodeus
129820 | Geh:7    | Got a torn book
129821 | Geh:7    | Identified the Catalogue of Spatial Ice (You found it on level 7 of Gehenna)
129835 | Geh:7    | Got an obsidian rune of Zot
130415 | Lair:1   | Identified the ring "Laefy" (You found it on level 7 of the Iron City of Dis)
131211 | Tar:1    | Entered Level 1 of Tartarus
131806 | Tar:5    | Reached skill 22 in Necromancy
132188 | Tar:7    | Entered Level 7 of Tartarus
132747 | Tar:7    | Noticed Ereshkigal
132786 | Tar:7    | Defeated Ereshkigal
132807 | Tar:7    | Got a bone rune of Zot
132811 | Tar:7    | Got a black ring
133539 | Tar:7    | Got a conspicuous book
133541 | Tar:7    | Got a rare book
133542 | Tar:7    | Identified Fagoih Choce's Advanced Steps in Wizardry (You found it on level 7 of Tartarus)
133542 | Tar:7    | Identified the Volume of Transmigration (You found it on level 7 of Tartarus)
134452 | Pan      | Entered Pandemonium
134594 | Pan      | Noticed Reirgh the pandemonium lord
134736 | Pan      | Got a glowing rune of Zot
134738 | Pan      | Noticed Mnoleg
134757 | Pan      | Defeated Mnoleg
135389 | Pan      | Noticed Cakam the pandemonium lord
135414 | Pan      | Defeated Cakam the pandemonium lord
135432 | Pan      | Got a demonic rune of Zot
135476 | Pan      | Noticed Ygecs the pandemonium lord
135599 | Pan      | Noticed Geogh the pandemonium lord
135618 | Pan      | Defeated Geogh the pandemonium lord
135860 | Pan      | Noticed Hegaf the pandemonium lord
135874 | Pan      | Defeated Hegaf the pandemonium lord
137606 | Pan      | Noticed Cerebov
137619 | Pan      | Got a fiery rune of Zot
137704 | Pan      | Found a gateway to a ziggurat.
138102 | Pan      | Noticed Gloorx Vloq
138115 | Pan      | Defeated Gloorx Vloq
138138 | Pan      | Got a dark rune of Zot
138147 | Pan      | Got a warped leather armour
138148 | Pan      | Identified the cursed +1 leather armour of Liberty (You found it in Pandemonium)
138320 | Pan      | Found a gateway to a ziggurat.
139148 | Pan      | Got a flickering sapphire amulet
139149 | Pan      | Identified the amulet of Messenger (You found it in Pandemonium)
139175 | Pan      | Noticed Lom Lobon
139215 | Pan      | Defeated Lom Lobon
139231 | Pan      | Got a magical rune of Zot
139283 | Pan      | Cast into the Abyss (distortion unwield)
139283 | Abyss    | Entered The Abyss
139336 | Abyss    | Lost mutation: Your muscles are strong (Str +1).
139656 | Abyss    | Got an abyssal rune of Zot
140307 | D:22     | You pass through the gate.
140986 | Lair:1   | Learned a level 4 spell: Control Teleport
141699 | Zot:5    | Entered Level 5 of the Realm of Zot
142078 | Zot:5    | Got the Orb of Zot
142990 | D:$      | Escaped with the Orb!
